 Dungeon Crawl Stone Soup version 0.31-a0-819-gf6de2f5ab6 (webtiles) character file.

Game seed: 8771738108173495551

10270 qw the Skirmisher (level 11, -4/71 HPs)
             Began as a Gargoyle Hunter on Sept 23, 2023.
             Was an Elder of Okawaru.
             Slain by a cane toad (14 damage)
             ... on level 1 of the Lair of Beasts.
             The game lasted 00:03:31 (7453 turns).

qw the Skirmisher (Gargoyle Hunter)                 Turns: 7453, Time: 00:03:32

Health: -4/71      AC: 19    Str: 15    XL:     11   Next: 59%
Magic:  17/17      EV: 17    Int: 10    God:    Okawaru [****..]
Gold:   981        SH:  0    Dex: 17    Spells: 10/10 levels left

rFire   . . .        Y - +1 hand cannon (flame)
rCold   . . .        (no shield)
rNeg    + . .        c - +0 troll leather armour
rPois   inf          b - +1 helmet
rElec   +            (no cloak)
rCorr   .            (no gloves)
SInv    +            h - +0 pair of boots
Will    .....        (no amulet)
Stlth   +++          i - +4 ring of protection
HPRegen 1.11/turn    j - ring of see invisible
MPRegen 0.15/turn

%: no passive effects
@: heroic
A: sickness immunity, AC +8, negative energy resistance 1, electricity
resistance, torment resistance 1, petrification resistance
a: Renounce Religion, Heroism, Finesse


You were on level 1 of the Lair of Beasts.
You worshipped Okawaru.
Okawaru was greatly pleased with you.
You visited 3 branches of the dungeon, and saw 13 of its levels.

You collected 1328 gold pieces.
You spent 347 gold pieces at shops.


Innate Abilities, Weirdness & Mutations

You are immune to sickness and miasma.
Your stone body is resilient. (AC +8)
You are immune to poison.
You resist negative energy. (rN+)
You are resistant to electric shocks. (rElec)
You are resistant to unholy torment.
You are immune to petrification.


   Skills:
 - Level 9.0(14.0) Fighting
 + Level 13.2(18.2) Ranged Weapons
 - Level 3.4(8.4) Armour
 - Level 4.4(9.4) Dodging
 - Level 1.1(6.1) Stealth
 + Level 8.6 Invocations


You had 10 spell levels left.
You didn't know any spells.
Your spell library was empty.

Inventory:

Hand Weapons
 Y - a +1 hand cannon of flaming (weapon)
Armour
 b - a +1 helmet (worn)
 c - a +0 troll leather armour (worn)
 h - a +0 pair of boots (worn)
Jewellery
 i - a +4 ring of protection (left hand)
 j - a ring of see invisible (right hand)
 k - a ring of resist corrosion
Scrolls
 d - a scroll of revelation {unknown}
 f - 4 scrolls of identify
Potions
 a - a potion of resistance
 e - a potion of cancellation
 g - 2 potions of curing
 m - a potion of ambrosia {unknown}

Dungeon Overview and Level Annotations

Branches:
Dungeon (11/15)            Temple (1/1) D:4            Lair (1/5) D:11
    Orc: D:9-12

Altars:
Ashenzari
Cheibriados
Dithmenos
Fedhas
Gozag
Hepliaklqana
Kikubaaqudgha
Makhleb
Nemelex Xobeh
Okawaru
Qazlal
Ru
Sif Muna
Trog
Uskayaw
Vehumet
Wu Jian
Xom
Yredelemnul
Zin
The Shining One

Shops:
D:4 (   D:8 =

Annotations:
Lair:1 Amaemon


Message History

You shoot a bolt. The bolt hits the rime drake!!
The bolt burns the rime drake.
You kill the rime drake!
Okawaru accepts your kill. The cane toad stings you!!
The orange demon closely misses you. The cane toad misses you.
You shoot a bolt. The bolt hits the cane toad!
The bolt burns the cane toad.
The cane toad is heavily wounded.
The cane toad misses you.
You shoot a bolt. The bolt barely misses the cane toad.
The bolt hits Amaemon!
The bolt burns Amaemon.
Amaemon is moderately wounded.
The cane toad misses you.
You shoot a bolt. The bolt hits the cane toad!
The bolt burns the cane toad.
The cane toad is severely wounded.
The cane toad closely misses you.
The orange demon stings you but does no damage.
You shoot a bolt.
The bolt hits the cane toad but does no damage.
The cane toad is severely wounded.
The cane toad misses you. Amaemon hits you but does no damage.
Amaemon misses you. Amaemon completely misses you.
The orange demon stings you but does no damage.
You shoot a bolt.
The bolt hits the cane toad but does no damage.
The cane toad is severely wounded.
The cane toad closely misses you.
Amaemon shouts, "You think you're better than me?"
Amaemon mumbles some strange words.
The orange demon stings you but does no damage.
The cane toad stings you!
You shoot a bolt.
The bolt hits the cane toad but does no damage.
The cane toad is severely wounded.
The orange demon stings you from afar. Amaemon closely misses you.
Amaemon claws you but does no damage. Amaemon misses you.
The cane toad stings you.
You shoot a bolt. The bolt hits the cane toad.
The bolt burns the cane toad.
The cane toad is almost dead.
The cane toad stings you!
You die...

##.....# ......#
#......##P #.....#
#####.........
###..)..###.............
.......#................
........................
..............s..4.[.>..
...........^...6F.......
...#...........0@...)...
##......###....0.>......
#......# #######...?...
#P.....## ..###..
#.......# ..# .
##......# ..# #.......#
..# ##.......######....#
.(................


You could see Amaemon, an orange demon, a cane toad and a scorpion (summoned).

Vanquished Creatures
  A catoblepas (Lair:1)
  A two-headed ogre (D:8)
  A death yak (Lair:1)
  A torpor snail (Lair:1)
  A cane toad (Lair:1)
  A rime drake (Lair:1)
  5 komodo dragons
  2 trolls (D:10)
  A polar bear (Lair:1)
  Grinder (D:4)
  A wyvern (D:10)
  5 yaks (Lair:1)
  A basilisk (D:11)
  4 vampire mosquitoes (D:8)
  An acid dragon (D:11)
  A water moccasin (D:7)
  2 ice beasts (D:6)
  A black bear (Lair:1)
  An orc warrior (D:6)
  4 ogres
  15 wolves (Lair:1)
  A centaur (D:10)
  A phantom (D:7)
  3 kobold brigands (D:6)
  3 bullfrogs
  3 scorpions
  5 wights (D:7)
  A jelly (D:7)
  A gnoll bouda (D:7)
  6 hounds
  5 orc priests
  4 iguanas
  4 orc wizards
  A sleepcap (D:4)
  A statue (D:3)
  16 gnolls
  6 adders
  A shadow imp (D:8)
  3 white imps
  2 ufetubi
  2 dart slugs (D:2)
  29 orcs
  5 endoplasms
  8 goblins
  7 hobgoblins
  3 quokkas
  8 ball pythons
  4 bats
  3 frilled lizards
  15 kobolds
  8 rats
210 creatures vanquished.

Notes
Turn   | Place    | Note
-------+----------+-------------------------------------------
     0 | D:1      | qw the Gargoyle Hunter began the quest for the Orb.
     0 | D:1      | Reached XP level 1. HP: 12/12 MP: 1/1
     0 | D:1      | 0 ||| qw: Version: 0.3-a-83-gcd0e7d8
     0 | D:1      | 0 ||| qw: Game counter: 1378
     0 | D:1      | 0 ||| qw: Melee chars always use a shield: true
     0 | D:1      | 0 ||| qw: God list: Okawaru
     0 | D:1      | 0 ||| qw: Allow faded altars: false
     0 | D:1      | 0 ||| qw: Do Orc after clearing Dungeon:15 true
     0 | D:1      | 0 ||| qw: Do second Lair branch before Depths: true
     0 | D:1      | 0 ||| qw: Lair rune preference: random
     0 | D:1      | 0 ||| qw: Goals: Normal
     0 | D:1      | 0 ||| PLANNING D:1-11
   234 | D:1      | Reached XP level 2. HP: 17/17 MP: 2/2
   628 | D:1      | 628 ||| UPGRADING to +0 ring mail.
   638 | D:1      | 638 ||| DROPPING +0 leather armour.
   639 | D:1      | 639 ||| READING scroll labelled SIEHEPS HONA.
   640 | D:1      | 640 ||| READING scroll labelled ONOOPNARUZE.
   641 | D:1      | 641 ||| DROPPING scroll of butterflies.
   689 | D:2      | 689 ||| FLEEEEING.
   690 | D:2      | 690 ||| FLEEEEING.
   725 | D:2      | Reached skill level 1 in Armour
   828 | D:2      | Reached XP level 3. HP: 18/21 MP: 3/3
  1395 | D:2      | Identified the +4 short sword of Lyfuduny {flame, rElec
                  | Will++ Dex+3 Stlth-}
  1496 | D:2      | 1496 ||| UPGRADING to amulet of guardian spirit.
  1501 | D:2      | 1501 ||| READING scroll labelled ULOGUXT USTO.
  1502 | D:2      | 1502 ||| READING scroll labelled AQALAUTTAUR.
  1544 | D:3      | Reached skill level 5 in Ranged Weapons
  1612 | D:3      | Reached skill level 3 in Fighting
  1612 | D:3      | Reached XP level 4. HP: 28/28 MP: 4/4
  1614 | D:3      | 1614 ||| FLEEEEING.
  1615 | D:3      | 1615 ||| FLEEEEING.
  1616 | D:3      | 1616 ||| FLEEEEING.
  1617 | D:3      | 1617 ||| FLEEEEING.
  1618 | D:3      | 1618 ||| FLEEEEING.
  1619 | D:3      | 1619 ||| FLEEEEING.
  1620 | D:3      | 1620 ||| FLEEEEING.
  1621 | D:3      | 1621 ||| FLEEEEING.
  1622 | D:3      | 1622 ||| STAIRDANCE
  1668 | D:2      | 1668 ||| UPGRADING to +0 helmet.
  1673 | D:2      | 1673 ||| DROPPING ring of flight.
  1677 | D:3      | 1677 ||| STAIRDANCE
  1773 | D:3      | 1773 ||| DRINKING 2 cyan potions.
  1802 | D:3      | 1802 ||| DRINKING 2 bubbling cyan potions.
  1849 | D:3      | 1849 ||| DROPPING potion of lignification.
  1863 | D:3      | Reached XP level 5. HP: 32/32 MP: 5/5
  2205 | D:3      | Reached skill level 6 in Ranged Weapons
  2357 | D:3      | Found a radiant altar of Vehumet.
  2361 | D:3      | Noticed a charred statue
  2364 | D:3      | 2364 ||| FLEEEEING.
  2570 | D:3      | Killed a charred statue
  2633 | D:3      | 2633 ||| READING scroll labelled GUYXIL ZIOSAEL.
  2634 | D:3      | 2634 ||| READING scroll labelled ICSOOH FASEXTONAR.
  2635 | D:3      | 2635 ||| READING 3 scrolls of identify.
  2635 | D:3      | 2635 ||| IDENTIFYING bubbling dark potion
  2669 | D:4      | Found a staircase to the Ecumenical Temple.
  2670 | D:4      | 2670 ||| PLANNING TEMPLE
  2682 | D:4      | Reached XP level 6. HP: 36/38 MP: 6/6
  2695 | Temple   | Entered the Ecumenical Temple
  2696 | Temple   | 2696 ||| PLANNING OKAWARU WORSHIP
  2701 | Temple   | Became a worshipper of Warmaster Okawaru
  2702 | Temple   | 2702 ||| PLANNING D:1-11
  2702 | Temple   | 2702 ||| REMOVING amulet of guardian spirit.
  2707 | Temple   | 2707 ||| DROPPING amulet of guardian spirit.
  2835 | D:4      | Found an opulent altar of Gozag.
  2940 | D:4      | 2940 ||| FLEEEEING.
  3177 | D:4      | Found Puare's Firing Range.
  3182 | D:4      | 3182 ||| BUYING +0 hand cannon of draining (107 gold).
  3182 | D:4      | Bought a +0 hand cannon of draining for 107 gold pieces
  3182 | D:4      | 3182 ||| SHOPLISTING +0 hand cannon of flaming (107 gold,
                  | have 89).
  3182 | D:4      | 3182 ||| SWAPPING to +0 hand cannon of draining.
  3183 | D:4      | 3183 ||| DROPPING +0 shortbow.
  3210 | D:4      | Noticed Grinder
  3211 | D:4      | Paralysed by Grinder for 2 turns
  3214 | D:4      | Paralysed by Grinder for 3 turns
  3218 | D:4      | 3218 ||| FLEEEEING.
  3222 | D:4      | 3222 ||| FLEEEEING.
  3222 | D:4      | Paralysed by Grinder for 2 turns
  3224 | D:4      | 3224 ||| FLEEEEING.
  3238 | D:4      | Paralysed by Grinder for 5 turns
  3244 | D:4      | Killed Grinder
  3244 | D:4      | Reached * piety under Okawaru
  3245 | D:4      | Reached skill level 7 in Ranged Weapons
  3245 | D:4      | Reached XP level 7. HP: 25/43 MP: 7/7
  3506 | D:4      | 3506 ||| READING scroll labelled UKAAXA RAOPHYDU.
  3507 | D:4      | 3507 ||| READING scroll labelled WARO WEREORUHE.
  3508 | D:4      | 3508 ||| READING 3 scrolls of identify.
  3508 | D:4      | 3508 ||| IDENTIFYING pink potion
  3509 | D:4      | 3509 ||| DROPPING potion of attraction.
  3544 | D:5      | Entered Level 5 of the Dungeon
  3565 | D:5      | Reached skill level 1 in Invocations
  3692 | D:5      | 3692 ||| INVOKING Heroism.
  3697 | D:5      | Reached skill level 8 in Ranged Weapons
  3824 | D:5      | 3824 ||| INVOKING Heroism.
  4074 | D:5      | 4074 ||| INVOKING Heroism.
  4078 | D:5      | Reached skill level 3 in Invocations
  4078 | D:5      | Reached XP level 8. HP: 48/48 MP: 6/10
  4188 | D:5      | 4188 ||| INVOKING Heroism.
  4315 | D:5      | 4315 ||| UPGRADING to +4 ring of protection.
  4316 | D:5      | 4316 ||| READING scroll labelled ENUISI SUNO.
  4317 | D:5      | 4317 ||| DRINKING 2 bubbling brown potions.
  4318 | D:5      | 4318 ||| READING 3 scrolls of identify.
  4318 | D:5      | 4318 ||| IDENTIFYING metallic clear potion
  4376 | D:6      | 4376 ||| FLEEEEING.
  4377 | D:6      | 4377 ||| FLEEEEING.
  4378 | D:6      | 4378 ||| FLEEEEING.
  4379 | D:6      | 4379 ||| FLEEEEING.
  4380 | D:6      | 4380 ||| STAIRDANCE
  4440 | D:6      | Found a shimmering blue altar of Sif Muna.
  4448 | D:6      | 4448 ||| INVOKING Heroism.
  4548 | D:6      | Found a hide-covered altar of Uskayaw.
  4563 | D:6      | 4563 ||| INVOKING Heroism.
  4571 | D:6      | Reached skill level 9 in Ranged Weapons
  4632 | D:6      | Found a bloodstained altar of Trog.
  4633 | D:6      | 4633 ||| INVOKING Heroism.
  4639 | D:6      | 4639 ||| Stepping ~*~*~tactically~*~*~ (retreating).
  4644 | D:6      | Reached skill level 6 in Fighting
  4649 | D:6      | Reached ** piety under Okawaru
  4726 | D:6      | Reached XP level 9. HP: 55/55 MP: 12/12
  5075 | D:6      | 5075 ||| UPGRADING to +0 pair of boots.
  5080 | D:6      | 5080 ||| DROPPING +1 hat.
  5081 | D:6      | 5081 ||| READING scroll labelled XAVIPPIYDGH.
  5268 | D:7      | Found an ornate altar of the Wu Jian Council.
  5349 | D:7      | Reached skill level 10 in Ranged Weapons
  5360 | D:7      | 5360 ||| FLEEEEING.
  5361 | D:7      | 5361 ||| FLEEEEING.
  5362 | D:7      | 5362 ||| INVOKING Heroism.
  5376 | D:7      | Reached skill level 3 in Armour
  5394 | D:7      | 5394 ||| Stepping ~*~*~tactically~*~*~ (retreating).
  5395 | D:7      | 5395 ||| Stepping ~*~*~tactically~*~*~ (retreating).
  5396 | D:7      | 5396 ||| Stepping ~*~*~tactically~*~*~ (retreating).
  5423 | D:7      | 5423 ||| INVOKING Heroism.
  5589 | D:7      | 5589 ||| READING 2 scrolls of identify.
  5589 | D:7      | 5589 ||| IDENTIFYING lumpy grey potion
  5590 | D:7      | 5590 ||| DROPPING potion of berserk rage.
  5637 | D:8      | 5637 ||| READING scroll of enchant armour.
  5637 | D:8      | 5637 ||| ENCHANTING +0 helmet.
  5640 | D:8      | 5640 ||| RETREEAATING.
  5642 | D:8      | 5642 ||| Stepping ~*~*~tactically~*~*~ (retreating).
  5643 | D:8      | 5643 ||| Stepping ~*~*~tactically~*~*~ (retreating).
  5648 | D:8      | 5648 ||| INVOKING Heroism.
  5651 | D:8      | Noticed a two-headed ogre
  5656 | D:8      | 5656 ||| Stepping ~*~*~tactically~*~*~ (retreating).
  5657 | D:8      | HP: 13/57 [vampire mosquito (9)]
  5658 | D:8      | Reached skill level 11 in Ranged Weapons
  5658 | D:8      | 5658 ||| DRINKING 2 potions of heal wounds.
  5662 | D:8      | HP: 14/57 [two-headed ogre/+0 giant spiked club (14)]
  5663 | D:8      | 5663 ||| DRINKING potion of heal wounds.
  5667 | D:8      | Killed a two-headed ogre
  5667 | D:8      | Reached *** piety under Okawaru
  5668 | D:8      | Reached XP level 10. HP: 25/63 MP: 13/13
  5668 | D:8      | 5668 ||| INVOKING Heroism.
  5806 | D:8      | Identified the +4 falchion "Beetlebane" {antimagic, Drain
                  | rElec rPois Stlth+}
  5839 | D:8      | Found Cisarphuna's Jewellery Emporium.
  5849 | D:8      | 5849 ||| SHOPLISTING +6 ring of dexterity (576 gold, have
                  | 307).
  5849 | D:8      | 5849 ||| SHOPLISTING amulet "Ressyf" {Spirit Dex+3} (692
                  | gold, have 307).
  5849 | D:8      | 5849 ||| SHOPLISTING amulet of faith (640 gold, have 307).
  5849 | D:8      | 5849 ||| SHOPLISTING amulet of reflection (480 gold, have
                  | 307).
  5849 | D:8      | 5849 ||| SHOPLISTING ring "Achi" {rElec EV+5 Stlth+} (844
                  | gold, have 307).
  5849 | D:8      | 5849 ||| SHOPLISTING ring of protection from cold (400
                  | gold, have 307).
  5849 | D:8      | 5849 ||| SHOPLISTING ring of resist corrosion (320 gold,
                  | have 307).
  5849 | D:8      | 5849 ||| BUYING ring of see invisible (240 gold).
  5849 | D:8      | Bought a ring of see invisible for 240 gold pieces
  5921 | D:8      | Found a blossoming altar of Fedhas.
  6206 | D:8      | Found a flagged portal.
  6406 | D:8      | You fall into a shaft and drop 3 floors!
  6406 | D:11     | Found a staircase to the Lair.
  6414 | D:11     | 6414 ||| INVOKING Heroism.
  6428 | D:11     | Reached **** piety under Okawaru
  6627 | D:11     | 6627 ||| UPGRADING to ring of see invisible.
  6628 | D:11     | 6628 ||| READING scroll labelled MEIKHO VULI.
  6628 | D:11     | Identified a scroll of acquirement
  6628 | D:11     | 6628 ||| ACQUIRING 669 gold pieces
  6628 | D:11     | Acquired 669 gold pieces
  6630 | D:11     | 6630 ||| READING scroll labelled GEYKHU FAOFYE.
  6631 | D:11     | 6631 ||| READING scroll labelled BIDOYD IZELYN.
  6632 | D:11     | 6632 ||| DRINKING 2 red potions.
  6633 | D:11     | 6633 ||| DROPPING potion of degeneration.
  6642 | D:10     | Entered Level 10 of the Dungeon
  6652 | D:10     | 6652 ||| INVOKING Heroism.
  6691 | D:10     | 6691 ||| INVOKING Heroism.
  6699 | D:10     | Reached skill level 12 in Ranged Weapons
  6736 | D:10     | 6736 ||| UPGRADING to +0 troll leather armour.
  6746 | D:10     | 6746 ||| DROPPING +0 ring mail.
  6747 | D:10     | 6747 ||| DROPPING scarf of harm.
  6860 | D:8      | 6860 ||| PLANNING LAIR
  7025 | Lair:1   | Entered Level 1 of the Lair of Beasts
  7028 | Lair:1   | 7028 ||| INVOKING Heroism.
  7056 | Lair:1   | 7056 ||| RETREEAATING.
  7057 | Lair:1   | 7057 ||| STILL RETREEAATING.
  7058 | Lair:1   | 7058 ||| STILL RETREEAATING.
  7059 | Lair:1   | 7059 ||| Stepping ~*~*~tactically~*~*~ (retreating).
  7060 | Lair:1   | 7060 ||| Stepping ~*~*~tactically~*~*~ (retreating).
  7063 | Lair:1   | 7063 ||| Stepping ~*~*~tactically~*~*~ (retreating).
  7064 | Lair:1   | 7064 ||| Stepping ~*~*~tactically~*~*~ (retreating).
  7065 | Lair:1   | 7065 ||| Stepping ~*~*~tactically~*~*~ (retreating).
  7066 | Lair:1   | 7066 ||| Stepping ~*~*~tactically~*~*~ (retreating).
  7168 | Lair:1   | 7168 ||| Stepping ~*~*~tactically~*~*~ (retreating).
  7169 | Lair:1   | Noticed a cane toad
  7170 | Lair:1   | 7170 ||| INVOKING Heroism.
  7175 | Lair:1   | Killed a cane toad
  7176 | Lair:1   | Reached skill level 6 in Invocations
  7176 | Lair:1   | Reached XP level 11. HP: 68/68 MP: 12/15
  7184 | Lair:1   | 7184 ||| INVOKING Heroism.
  7203 | Lair:1   | Reached skill level 13 in Ranged Weapons
  7209 | Lair:1   | 7209 ||| INVOKING Heroism.
  7275 | Lair:1   | 7275 ||| Stepping ~*~*~tactically~*~*~ (retreating).
  7282 | Lair:1   | 7282 ||| INVOKING Heroism.
  7320 | Lair:1   | Noticed a catoblepas
  7321 | Lair:1   | 7321 ||| INVOKING Heroism.
  7330 | Lair:1   | Noticed a death yak
  7330 | Lair:1   | 7330 ||| RETREEAATING.
  7331 | Lair:1   | 7331 ||| STILL RETREEAATING.
  7332 | Lair:1   | 7332 ||| STILL RETREEAATING.
  7333 | Lair:1   | 7333 ||| STILL RETREEAATING.
  7334 | Lair:1   | 7334 ||| STILL RETREEAATING.
  7344 | Lair:1   | Killed a catoblepas
  7345 | Lair:1   | Reached skill level 9 in Fighting
  7347 | Lair:1   | HP: 15/71 [death yak[a torpor snail] (15)]
  7351 | Lair:1   | Killed a death yak
  7376 | Lair:1   | 7376 ||| INVOKING Heroism.
  7434 | Lair:1   | 7434 ||| INVOKING Heroism.
  7442 | Lair:1   | Noticed Amaemon
  7451 | Lair:1   | HP: 14/71 [cane toad (16)]
  7453 | Lair:1   | Slain by a cane toad

Levels and vault maps discovered:
D:1:      scummos_arrival_star, layout_loops_ring
D:2:      layout_loops_corners, st_stairs_1
D:3:      layout_loops_ring, vehumet_statue, minmay_misc_feat_ornament,
          minmay_puff
D:4:      kennysheep_big_flooded_room, layout_gridville,
          nicolae_gozag_cash_rules_everything_around_me,
          minmay_temple_entry_glass, nicolae_shop_firing_range, uniq_grinder
D:5:      layout_loops_ring
D:6:      layout_gridville, mainiacjoe_overflow_24_doors, trog_antimagical,
          mainiacjoe_overflow_concentric_impassable
D:7:      layout_cave_pools, pdpol_wu_jian_five_deadly_venoms
D:8:      layout_basic, nicolae_overflow_crystal_walls, serial_shops, shop,
          lightli_bailey_entry_fortress
D:9:      layout_basic, serial_shops, nicolae_shop_competitors_out_of_business,
          shop, nicolae_shop_stone, shop, shop, small_chamber_with_monster,
          hex_intersection, uniq_erolcha
D:10:     layout_rooms, mainiacjoe_overflow_surrounded_room
D:11:     kennysheep_blocky_room, layout_basic, erik_lair_dragon, orc_0_dummy,
          serial_bayou, serial_bayou_crossing, serial_bayou_lagoon_a,
          serial_bayou_ford_a, serial_bayou_shore_b
Temple:   eino_narrow_crystal_temple
Lair:1:   beast_lair_carwin_large_4, layout_hall_layers,
          chequers_serial_rivers_small_b, uniq_amaemon, uniq_jeremiah

Skill      XL: |  1  2  3  4  5  6  7  8  9 10 11 |
---------------+----------------------------------+-----
Armour         | 1 2 3 |  3.4
Ranged Weapons | 5 6 7 8 9 11 12 13 | 13.2
Fighting       | 3 4 6 7 8 9 |  9.0
Invocations    | 3 4 6 8 |  8.6
Dodging        | 2 4 |  4.4
Stealth        | |  1.1

Action                     |  1- 3 |  4- 6 |  7- 9 | 10-12 || total
---------------------------+-------+-------+-------+-------++-------
   Fire: Shortbow          |   107 |   173 |       |       ||   280
         Hand cannon       |       |     8 |   196 |   222 ||   426
 Invoke: Heroism           |       |       |    10 |    12 ||    22
    Use: Scroll            |     4 |     3 |     8 |     3 ||    18
         Potion            |       |     2 |     3 |     1 ||     6
 Armour: Leather armour    |     8 |       |       |       ||     8
         Ring mail         |    20 |    78 |   101 |    28 ||   227
         Troll leather arm |       |       |       |   140 ||   140
  Dodge: Dodged            |    34 |    71 |   113 |   174 ||   392

Table legend:
 A = Non-vault XP
 B = Vault XP
 C = Vault XP percentage of total XP
 D = Non-vault monster count
 E = Vault monster count
 F = Vault count percentage of total count
                 A         B        C        D         E       F
            +---------+---------+-------+---------+---------+-------
      Total |   11026 |    3646 |  24.9 |     163 |      47 |  22.4
            +---------+---------+-------+---------+---------+-------
        D:1 |      17 |       0 |   0.0 |      13 |       0 |   0.0
        D:2 |      60 |       7 |  10.4 |      16 |       3 |  15.8
        D:3 |     140 |      81 |  36.7 |      22 |       7 |  24.1
        D:4 |      81 |     325 |  80.0 |      12 |       3 |  20.0
        D:5 |     636 |       0 |   0.0 |      13 |       0 |   0.0
        D:6 |     819 |     343 |  29.5 |      27 |       3 |  10.0
        D:7 |     929 |       0 |   0.0 |      16 |       0 |   0.0
        D:8 |    1708 |      90 |   5.0 |      17 |      12 |  41.4
       D:10 |    1056 |       0 |   0.0 |       8 |       0 |   0.0
       D:11 |       0 |    1376 | 100.0 |       0 |       5 | 100.0
     Lair:1 |    5580 |    1424 |  20.3 |      19 |      14 |  42.4
            +---------+---------+-------+---------+---------+-------
